Map: [ESL] Equilibrium

Players

ShoWTimE - Winner!

  • Race: Protoss Protoss
  • Spawn Location: 11:00

Clem

  • Race: Terran Terran
  • Spawn Location: 1:00

Event: ESL SC2 Masters 2023 Winter (Regional)

VOD

Have the link to the VOD?

Description

Time

  • Played on: Nov. 18, 2023, 11:29 a.m.
  • Length: 10:33

All games in this series

Show
View Real Time Build Order
Export as new Build Order

ShoWTimE Protoss - Winner!

Build Orders: 1 Gate Expand, Oracle Opening 

Get SALT Encoding   

  12  0:00  Probe  
  13  0:12  Probe  
  14  0:17  Pylon  
  14  0:24  Probe  
  15  0:35  Gateway  
  15  0:36  Probe (Chrono Boost)  
  16  0:46  Assimilator, Probe (Chrono Boost)  
  17  0:51  Probe (Chrono Boost)  
  18  1:03  Probe  
  19  1:15  Probe  
  20  1:22  Cybernetics Core  
  20  1:32  Nexus  
  20  1:36  Probe  
  21  1:43  Pylon  
  21  1:48  Probe  
  21  1:50  Assimilator  
  22  1:59  Adept (Chrono Boost)  
  22  2:00  Probe  
  23  2:06  Shield Battery  
  25  2:12  Probe  
  26  2:19  Adept (Chrono Boost)  
  28  2:24  Probe  
  29  2:30  Stargate  
  29  2:36  Probe  
  30  2:39  Warp Gate  
  30  2:43  Adept  
  32  2:46  Probe  
  33  2:51  Probe  
  33  2:58  Probe  
  35  3:03  Probe  
  36  3:10  Probe  
  37  3:13  Oracle (Chrono Boost)  
  37  3:15  Probe  
  41  3:22  Probe, Pylon  
  42  3:28  Probe  
  40  3:34  Probe  
  40  3:40  Probe  
  40  3:45  Oracle (Chrono Boost)  
  40  3:46  Probe  
  41  3:49  Unknown  
  41  3:52  Gateway, Probe  
  41  3:54  Gateway  
  45  3:58  Probe  
  45  4:00  Pylon  
  46  4:04  Probe  
  47  4:10  Probe  
  47  4:16  Probe  
  49  4:17  Phoenix (Chrono Boost)  
  49  4:23  Probe  
  52  4:28  Probe  
  52  4:29  Nexus  
  49  4:32  Stalker  
  49  4:38  Shield Battery  
  51  4:41  Probe  
  51  4:44  Phoenix, Pylon  
  54  4:52  Shield Battery  
  54  4:55  Stalker  
  54  4:56  Stalker x2  
  54  4:57  Probe  
  54  4:58  Probe  
  62  5:06  Twilight Council, Forge  
  62  5:09  Probe  
  62  5:10  Probe  
  62  5:12  Pylon  
  64  5:14  Phoenix  
  64  5:18  Stalker  
  68  5:22  Stalker  
  70  5:30  Probe x2, Stalker  
  70  5:33  Charge  
  74  5:41  Probe  
  74  5:42  Probe x2  
  75  5:43  Protoss Ground Armor Level 1 (Chrono Boost)  
  71  5:53  Probe  
  71  5:54  Probe, Stalker  
  71  5:55  Zealot x2  
  74  5:57  Probe  
  74  6:05  Probe  
  74  6:06  Probe  
  74  6:09  Probe  
  74  6:11  Gateway  
  77  6:13  Gateway  
  77  6:17  Probe  
  77  6:18  Gateway, Probe  
  78  6:21  Gateway, Probe  
  80  6:30  Probe  
  81  6:34  Gateway x2  
  81  6:35  Gateway, Pylon  
  81  6:37  Sentry x2  
  81  6:38  Sentry  
  87  6:41  Probe  
  87  6:44  Shield Battery, Pylon  
  87  6:45  Probe x2  
  90  6:48  Phoenix  
  92  6:55  Pylon  
  92  7:01  Zealot x2  
  92  7:06  Zealot x2  
  98  7:09  Pylon  
  98  7:12  Zealot x2  
  102  7:18  Zealot  
  96  7:30  Zealot x6  
  96  7:34  Phoenix (Chrono Boost)  
  96  7:36  Pylon  
  104  7:39  Protoss Ground Armor Level 2 (Chrono Boost)  
  104  7:40  Zealot x3  
  110  7:46  Robotics Facility  
  110  7:50  Probe x3  
  113  7:52  Assimilator  
  113  7:53  Phoenix (Chrono Boost)  
  113  7:54  Assimilator  
  113  7:57  Gateway  
  115  7:59  Zealot x5  
  115  8:05  Zealot x2  
  129  8:08  Pylon  
  129  8:11  Zealot x2  
  131  8:20  Zealot x2  
  133  8:28  Probe  
  133  8:31  Photon Cannon  
  133  8:33  Zealot x2  
  132  8:41  Nexus  
  132  8:42  Phoenix (Chrono Boost)  
  132  8:44  Pylon  
  132  8:45  Observer, Probe  
  132  8:46  Probe  
  132  8:47  Probe  
  133  8:57  Zealot x3, Probe  
  140  9:03  Zealot x2  
  140  9:09  Robotics Bay  
  144  9:10  Zealot  
  145  9:20  Photon Cannon  
  131  9:27  Phoenix  
  131  9:28  Zealot x2  
  117  9:36  Observer (Chrono Boost), Photon Cannon  
  83  9:46  Templar Archives  
  72  9:52  Phoenix  
  72  9:56  Zealot x2  
  76  10:08  Probe x4  
  86  10:22  High Templar x3  
  86  10:23  High Templar  
  86  10:26  Archon  
  94  10:28  Archon  
Show
View Real Time Build Order
Export as new Build Order

Clem Terran 

Build Orders:  

Get SALT Encoding   

  12  0:00  SCV  
  13  0:12  SCV  
  14  0:16  Supply Depot  
  14  0:24  SCV  
  15  0:38  SCV  
  15  0:39  Barracks  
  15  0:42  Refinery  
  16  0:50  SCV  
  17  1:02  SCV  
  18  1:14  SCV  
  19  1:27  Orbital Command  
  19  1:30  Barracks Reactor  
  19  1:43  Command Center  
  19  1:47  Supply Depot  
  19  1:52  SCV  
  20  2:03  Refinery  
  20  2:04  SCV  
  20  2:06  Marine x2  
  23  2:13  Bunker  
  23  2:16  SCV  
  24  2:24  Reaper x2  
  24  2:28  SCV  
  27  2:35  Factory  
  27  2:41  SCV  
  28  2:54  Orbital Command, SCV  
  28  2:56  Marine x2  
  31  3:04  Supply Depot  
  31  3:06  SCV  
  32  3:14  Marine x2  
  32  3:18  SCV, Starport  
  32  3:19  Widow Mine  
  37  3:20  SCV  
  38  3:32  SCV, Marine x2  
  41  3:40  Cyclone, SCV  
  42  3:42  Supply Depot  
  42  3:45  SCV  
  43  3:49  Barracks, Marine  
  43  3:50  Marine  
  43  3:54  Medivac  
  43  3:55  SCV  
  48  3:59  SCV  
  49  4:06  Supply Depot  
  49  4:07  Marine x2, SCV  
  52  4:11  SCV  
  53  4:17  Factory Tech Lab  
  53  4:19  SCV  
  53  4:23  SCV  
  54  4:25  Marine x2  
  54  4:30  Supply Depot  
  57  4:31  SCV  
  57  4:35  SCV  
  57  4:36  Siege Tank  
  57  4:37  Liberator  
  63  4:38  Marine  
  63  4:43  SCV, Marine  
  66  4:47  SCV  
  66  4:48  Marine, Supply Depot  
  66  4:52  Barracks  
  66  4:55  SCV  
  66  4:59  SCV  
  67  5:03  Marine  
  67  5:06  Marine  
  69  5:07  Supply Depot  
  69  5:08  SCV  
  69  5:11  SCV  
  69  5:13  Refinery  
  71  5:18  Factory Reactor, Engineering Bay  
  71  5:19  Stimpack, Marauder  
  71  5:20  SCV  
  74  5:21  Marine  
  74  5:23  SCV  
  74  5:26  Marine, Supply Depot  
  77  5:30  Starport Reactor  
  77  5:33  SCV, Supply Depot  
  78  5:39  Marine  
  77  5:43  Marauder  
  77  5:44  SCV  
  77  5:48  Marine  
  77  5:49  SCV  
  72  5:52  Terran Infantry Weapons Level 1  
  72  5:54  Refinery  
  72  5:57  Marine  
  72  5:58  Barracks Tech Lab, Widow Mine x2  
  72  6:01  Armory  
  73  6:06  Marine  
  73  6:07  Missile Turret, SCV x2  
  73  6:08  Marauder  
  74  6:14  Medivac  
  74  6:19  SCV x2  
  74  6:23  Marine x2  
  78  6:27  Medivac  
  78  6:31  SCV  
  78  6:32  SCV  
  82  6:34  Missile Turret, Marine  
  82  6:37  Combat Shield  
  83  6:41  Marauder  
  85  6:47  Supply Depot, SCV  
  85  6:48  Marauder  
  85  6:53  Widow Mine  
  90  6:55  Widow Mine  
  90  6:58  Medivac  
  94  7:02  Marauder, Marine x2  
  94  7:05  Supply Depot  
  98  7:09  Medivac  
  98  7:12  Marauder  
  102  7:17  Widow Mine  
  102  7:19  Widow Mine  
  102  7:20  Marine x2  
  108  7:24  Marauder  
  98  7:33  Marauder  
  94  7:38  Widow Mine  
  94  7:43  Command Center, Marine x2, Widow Mine  
  98  7:46  Medivac  
  98  7:49  Marauder  
  102  7:52  Medivac  
  102  7:56  Terran Infantry Armor Level 1, Supply Depot  
  104  7:59  Marauder  
  104  8:02  Widow Mine  
  104  8:04  Widow Mine, Concussive Shells  
  104  8:05  Marine  
  111  8:07  Marine  
  112  8:20  Barracks x2, SCV  
  112  8:22  Supply Depot  
  112  8:23  Marauder  
  112  8:26  Marauder  
  117  8:31  Medivac x2  
  117  8:32  Widow Mine  
  115  8:35  Marine, Widow Mine  
  115  8:38  Marine  
  119  8:44  Marauder  
  119  8:45  SCV  
  119  8:46  SCV  
  119  8:53  Marauder  
  119  8:58  SCV, Ghost Academy  
  119  9:00  Widow Mine x2  
  119  9:01  Marine  
  126  9:02  SCV  
  126  9:05  Marauder  
  126  9:08  Marine  
  129  9:10  SCV  
  129  9:11  Marine  
  129  9:15  SCV  
  124  9:20  Marine x2  
  124  9:21  Medivac  
  124  9:22  Widow Mine  
  124  9:23  Marine  
  114  9:26  Marine  
  114  9:27  Marine  
  114  9:30  Widow Mine  
  96  9:36  Marine  
  94  9:40  Marine x2  
  94  9:41  SCV, Marauder  
  94  9:43  SCV  
  94  9:44  Widow Mine  
  94  9:45  Marauder  
  84  9:46  Marine  
  84  9:52  Widow Mine  
  80  9:53  SCV  
  80  9:55  Marine  
  80  10:01  Marine  
  80  10:03  Marauder, SCV  
  80  10:04  Marine  
  80  10:06  Marauder  
  83  10:12  SCV, Marine  
  85  10:17  SCV  
Tags
 
Add a new tag
Caveats
  • Supply blocks, unpowered buildings, or Contaminate may cause inaccurate times.
  • Supply counts are checked every 10 seconds.